 Dungeon Crawl Stone Soup version 0.23.2-40-g277498a001 (webtiles) character file.

Game seed: 11461893489918112854

257183 Bombadil the Devastator (level 20, -5/159 HPs)
             Began as a Tengu Fire Elementalist on Oct 18, 2019.
             Was the Champion of Vehumet.
             Killed from afar by a deep elf annihilator (20 damage)
             ... with a crystal spear
             ... on level 3 of the Elven Halls on Oct 23, 2019.
             The game lasted 04:03:11 (58466 turns).

Bombadil the Devastator (Tengu Fire Elementalist)  Turns: 58466, Time: 04:03:12

Health: -5/159     AC: 30    Str: 25    XL:     20   Next: 25%
Magic:  17/42      EV:  2    Int: 21    God:    Vehumet [******]
Gold:   4088       SH:  6    Dex: 21    Spells: 2/54 levels left

rFire    + + .     SeeInvis .   b - staff of wizardry
rCold    x . .     Gourm    .   G - +0 buckler of Deupsoh {rElec rF+ Str+4}
rNeg     + + +     Faith    .   (armour currently unavailable)
rPois    +         Spirit   .   (helmet currently unavailable)
rElec    +         Reflect  .   (cloak currently unavailable)
rCorr    .         Harm     .   (gloves currently unavailable)
MR       +....     NoTele   +   (boots unavailable)
Stlth    +++.......             z - amulet of magic regeneration
HPRegen  0.36/turn              X - ring of fire
MPRegen  0.53/turn              s - ring "Ivvedd" {+Fly EV+3 Str+10 Int-2 Dex+5}

@: tree-form, lightly drained
A: strong 1, evolution 1, able to fly
}: 1/15 runes: gossamer
a: Stop Flying, Renounce Religion


You were on level 3 of the Elven Halls.
You worshipped Vehumet.
Vehumet was exalted by your worship.
You were near starving.
You were a tree.
You visited 9 branches of the dungeon, and saw 36 of its levels.
You also visited: Ossuary, Bailey, Gauntlet and Ice Cave.

You collected 4647 gold pieces.
You spent 559 gold pieces at shops.

Inventory:

Armour
 k - the +1 leather armour of Giexeom {rCorr SInv}
   (You found it on level 12 of the Dungeon)

   It lets you see invisible.
   It provides partial protection from all sources of acid and corrosion.
 y - a +2 cloak (melded)
 G - the +0 buckler of Deupsoh (worn) {rElec rF+ Str+4}
   (You acquired it on level 3 of the Lair of Beasts)

   It affects your strength (+4).
   It protects you from fire.
   It insulates you from electricity.
 H - a scarf of cloud immunity
 I - a +0 hat (melded)
 K - a +0 pair of gloves (melded)
 V - +0 ice dragon scales (melded)
Magical Staves
 a - an uncursed staff of poison
 b - an uncursed staff of wizardry (weapon)
Jewellery
 e - an uncursed amulet of regeneration
 s - the ring "Ivvedd" (right branch) {+Fly EV+3 Str+10 Int-2 Dex+5}
   (You found it on level 4 of the Spider Nest)

   [ring of evasion]

   It affects your evasion (+3).
   It affects your strength (+10).
   It affects your intelligence (-2).
   It affects your dexterity (+5).
   It lets you fly.
 z - an amulet of magic regeneration (around neck)
 A - an uncursed ring of protection from fire
 M - an uncursed ring of magical power
 P - an uncursed ring of resist corrosion
 S - an uncursed ring of protection from fire
 X - a ring of fire (left branch)
 Y - an uncursed ring of wizardry
Wands
 r - a wand of iceblast (7)
 u - a wand of acid (6)
 F - a wand of digging (4)
 U - a wand of paralysis (13)
Scrolls
 d - 15 scrolls of remove curse
 f - 10 scrolls of enchant weapon
 g - 12 scrolls of teleportation
 i - 5 scrolls of blinking
 j - a scroll of holy word
 l - a scroll of silence
 n - 10 scrolls of identify
 o - 3 scrolls of immolation
 p - 5 scrolls of fear
 q - 3 scrolls of amnesia
 t - 3 scrolls of vulnerability
 v - 8 scrolls of enchant armour
 w - 3 scrolls of fog
 x - 4 scrolls of summoning
 L - 5 scrolls of magic mapping
Potions
 h - 7 potions of brilliance
 m - 3 potions of invisibility
 B - 2 potions of agility
 C - 2 potions of curing
 E - 3 potions of haste
 J - a potion of resistance
 O - 4 potions of cancellation
 Q - 2 potions of berserk rage
 R - a potion of ambrosia
 T - 5 potions of magic
 W - 3 potions of might
 Z - 2 potions of heal wounds
Comestibles
 c - 18 rations
 D - 5 chunks of flesh


   Skills:
 + Level 5.4(5.2) Fighting
   Level 4.9(4.7) Short Blades
 + Level 3.4(3.2) Staves
 + Level 9.4(9.2) Armour
 + Level 8.0(7.8) Dodging
 + Level 5.4(5.2) Stealth
 + Level 3.9(3.7) Shields
 + Level 17.5(17.3) Spellcasting
 * Level 19.5(19.2) Conjurations
   Level 1.7(1.6) Hexes
 + Level 1.5(1.4) Translocations
 + Level 4.6(4.4) Transmutations
 + Level 17.4(17.1) Fire Magic
 + Level 2.2(2.0) Ice Magic
 + Level 4.2(4.0) Air Magic
 + Level 11.1(10.8) Poison Magic
 + Level 2.7(2.6) Evocations


You had 2 spell levels left.
You knew the following spells:

 Your Spells              Type           Power        Failure   Level  Hunger
a - Ignition              Fire           #######...   2%          8    #######
b - Conjure Flame         Conj/Fire      #######.     0%          3    None
c - Olgreb's Toxic Radia  Pois           ######..     1%          4    None
d - Sticky Flame          Conj/Fire      #######.     0%          4    None
e - Fire Storm            Conj/Fire      #######...   19%         9    #######
f - Orb of Destruction    Conj           #######...   1%          7    ######.
g - Blink                 Tloc           N/A          1%          2    None
h - Freezing Cloud        Conj/Ice/Air   ######....   1%          6    ####...
i - Poison Arrow          Conj/Pois      ######....   1%          6    ####...
j - Ignite Poison         Fire/Tmut/Pois #######.     1%          3    None

Your spell library contained the following spells:

 Spells                   Type           Power        Failure   Level  Hunger
 Chain Lightning          Conj/Air       ######....   19%         8    #######
 Glaciate                 Conj/Ice       ######....   95%         9    #######
 Flame Tongue             Conj/Fire      #####        0%          1    None
 Magic Dart               Conj           ####         0%          1    None
 Searing Ray              Conj           ######       0%          2    None
 Throw Flame              Conj/Fire      ######       0%          2    None
 Beastly Appendage        Tmut           #####.       1%          1    None
 Confusing Touch          Hex            ###...       1%          1    None
 Sandblast                Erth           ###...       1%          1    None
 Call Imp                 Summ           ###.....     1%          2    None
 Corpse Rot               Necr           N/A          1%          2    None
 Passwall                 Tmut/Erth      ####....     1%          2    None
 Poisonous Vapours        Pois/Air       #####.       1%          2    None
 Shroud of Golubria       Chrm/Tloc      ###.......   1%          2    None
 Slow                     Hex            ###.....     1%          2    None
 Sticks to Snakes         Tmut           #####...     1%          2    None
 Sublimation of Blood     Necr           ###.......   1%          2    None
 Iskenderun's Mystic Bla  Conj           #######.     0%          4    None
 Confuse                  Hex            ###.....     1%          3    None
 Dazzling Spray           Conj/Hex       ######       1%          3    None
 Inner Flame              Hex/Fire       ######..     1%          3    None
 Mephitic Cloud           Conj/Pois/Air  ######..     1%          3    None
 Spider Form              Tmut/Pois      ######....   1%          3    None
 Static Discharge         Conj/Air       ######..     1%          3    None
 Stone Arrow              Conj/Erth      ######       1%          3    None
 Force Lance              Conj/Tloc      ######..     1%          4    None
 Fulminant Prism          Conj/Hex       ######....   1%          4    None
 Bolt of Draining         Conj/Necr      ######....   1%          5    ##.....
 Fireball                 Conj/Fire      #######...   1%          5    ##.....
 Lightning Bolt           Conj/Air       ######....   1%          5    ##.....
 Bolt of Fire             Conj/Fire      #######...   1%          6    ####...
 Iron Shot                Conj/Erth      ######....   1%          6    ####...
 Gell's Gravitas          Tloc           ###.......   2%          3    None
 Lesser Beckoning         Tloc           ###.......   2%          3    None
 Teleport Other           Tloc           ###.....     2%          3    None
 Ice Form                 Ice/Tmut       ####....     3%          4    None
 Yara's Violent Unravell  Hex/Tmut       ####......   3%          5    ##.....
 Petrify                  Tmut/Erth      ####....     5%          4    None
 Summon Lightning Spire   Summ/Air       ####....     6%          4    None
 Blade Hands              Tmut           #####.....   6%          5    ##.....
 Passage of Golubria      Tloc           N/A          8%          4    None
 Lee's Rapid Deconstruct  Erth           ###.......   10%         5    ##.....
 Metabolic Englaciation   Hex/Ice        ####......   16%         5    ##.....
 Ring of Flames           Chrm/Fire      ######....   30%         7    ######.
 Agony                    Necr           ###.....     32%         5    ##.....
 Dispel Undead            Necr           ###.....     32%         5    ##.....
 Excruciating Wounds      Chrm/Necr      ###.......   32%         5    ##.....
 Shatter                  Erth           ###.......   100%        9    #######
 Tornado                  Air            #####.....   100%        9    #######


Dungeon Overview and Level Annotations

Branches:
Dungeon (15/15)            Temple (1/1) D:5            Lair (6/6) D:9
 Shoals (3/4) Lair:3       Spider (4/4) Lair:3        Slime (0/5) Lair:5
    Orc (2/2) D:12            Elf (3/3) Orc:2        Vaults (1/5) D:14
 Depths (1/5) D:15

Altars:
Ashenzari
Cheibriados
Dithmenos
Elyvilon
Fedhas
Gozag
Hepliaklqana
Kikubaaqudgha
Makhleb
Nemelex Xobeh
Okawaru
Qazlal
Ru
Sif Muna
Trog
Uskayaw
Vehumet
Wu Jian
Xom
Yredelemnul
Zin
The Shining One
Jiyva

Shops:
D:5 ?[:   D:7 (   Orc:2 =*([   Elf:1 (:%   Vaults:1 (

Annotations:
D:12 3 runed translucent doors, DenSaoPin's ghost, journeyman DsSk
Lair:4 exclusion: oklob plant
Spider:3 3 runed translucent doors, KrissDaBro's ghost, adept MiBe
Orc:1 2 transporters, Shtrein's ghost, journeyman FoFi
Orc:2 3 runed translucent doors, SnubMonkey's ghost, journeyman TrTm
Elf:2 3 runed translucent doors, exclusion: door
Elf:3 Bai Suzhen


Innate Abilities, Weirdness & Mutations

((You have a beak for a mouth.))
((You have claws for feet.))
You can fly continuously.
((You have a pair of small horns on your head.))
((You are partially covered in thin metallic scales. (AC +2)))
((Your flesh is heat resistant. (rF+)))
((You are resistant to electric shocks. (rElec)))
Your muscles are strong. (Str +2)
You evolve.


Message History

You kill the deep elf blademaster!
Vehumet accepts your kill.
You feel your power returning.
The fireball engulfs the deep elf annihilator!!
The deep elf annihilator is severely wounded.
You are near starving!
You hear a shout!
The deep elf annihilator seems less brilliant.
The deep elf annihilator points at you and mumbles some strange words.
The poison arrow hits you!!
You are poisoned.
You partially resist.
* * * LOW HITPOINT WARNING * * *
You hear a shout!
Unknown command.
Unknown command.
You feel better.
The deep elf annihilator points at you and mumbles some strange words.
The crystal spear hits you!!
You die...

###'#######.......##
##...##...##.......#
...♣.'..♣..#.......#
##...##...###......#
###.####### ##.....#
##.## ##....###
#...# ##......##
#.♣.# #........#
#..)# #.....♣..#
##<## #.....)).+ ###
+######.## e# e. ...
.... .....


You could see 2 deep elf annihilators.

Vanquished Creatures
  Mara (Spider:4)
  A deep elf blademaster (Elf:3)
  Kirke (Lair:5)
  A kraken (Shoals:2)
  A storm dragon (shapeshifter) (D:15)
  Donald (Shoals:2)
  Roxanne (Shoals:2)
  5 ghost moths
  6 vault wardens (Vaults:1)
  Louise (Elf:2)
  A frost giant (Vaults:1)
  5 emperor scorpions
  A deep elf sorcerer (Elf:3)
  An orc warlord (Orc:2)
  An ironheart preserver (Vaults:1)
  A very ugly thing (Vaults:1)
  A ghoul (Vaults:1)
  A war gargoyle (Vaults:1)
  4 entropy weavers
  A deep elf annihilator (Elf:1)
  2 deep elf demonologists
  2 spark wasps
  A minotaur (Gauntlet)
  A merfolk javelineer (Shoals:3)
  Josephine (Lair:4)
  6 merfolk impalers
  A death ooze (Gauntlet)
  3 deep elf death magi
  A yaktaur captain (Vaults:1)
  A great orb of eyes (Vaults:1)
  2 deep elf high priests
  3 vault guards (Vaults:1)
  2 rakshasas
  2 ice dragons (IceCv)
  12 hydras
  5 merfolk avatars
  7 dancing weapons
  2 merfolk aquamancers
  2 death knights
  A satyr (Shoals:3)
  6 two-headed ogres
  6 death yaks (Lair:6)
  A tengu warrior (D:12)
  6 centaur warriors
  2 orc high priests (Orc:2)
  Sonja (Lair:2)
  8 deep elf knights
  7 skeletal warriors
  Nergalle (Lair:1)
  2 glowing orange brains
  A fire crab (Lair:6)
  6 sea snakes
  5 unseen horrors
  14 deep elf archers
  11 harpies
  3 necromancers
  12 wolf spider zombies (Spider:1)
  37 deep elf magi
  6 orb spiders
  26 wolf spiders
  7 ironbrand convokers (Vaults:1)
  7 fauns
  4 orc sorcerers
  11 orc knights
  21 ugly things
  An oklob plant (Lair:4)
  8 cyclopes
  2 manticores (Shoals:3)
  2 centaur zombies (D:15)
  2 ice statues (IceCv)
  11 merfolk sirens
  2 moths of wrath
  3 vault sentinels (Vaults:1)
  7 black mambas
  A guardian serpent (Lair:6)
  A rust devil (Gauntlet)
  2 water nymphs
  2 guardian serpents (shapeshifter)
  A gargoyle (D:11)
  17 yaktaurs
  5 komodo dragons
  20 spiny frogs
  A hellion (Gauntlet)
  3 freezing wraiths
  3 rime drakes
  9 demonic crawlers
  3 centaur skeletons
  2 ice devils (Lair:2)
  7 redback zombies (Spider:1)
  3 trolls
  22 jumping spiders
  21 merfolk
  9 meliai
  10 polar bears (Lair:6)
  11 hippogriffs
  2 wind drakes
  11 hornets
  5 snapping turtles
  19 blink frogs
  15 slime creatures
  8 tarantella zombies (Spider:1)
  A hippogriff (shapeshifter) (D:15)
  11 dream sheep
  5 raiju (Lair:6)
  Grinder (D:6)
  A meliai zombie (D:12)
  3 air elementals
  Sigmund (D:3)
  42 redbacks
  25 tarantellas
  A ynoxinul (Gauntlet)
  7 wraiths
  33 yaks
  12 water elementals
  14 wyverns
  6 basilisks
  A yak (shapeshifter) (D:15)
  3 hogs (Lair:5)
  A basilisk (shapeshifter) (Elf:2)
  A hungry ghost (D:9)
  7 wargs
  A soldier ant (D:14)
  2 acid dragons
  16 water moccasins
  12 hell hounds (Lair:6)
  8 porcupines
  17 ice beasts
  3 sky beasts
  48 orc warriors
  An eye of draining (shapeshifter) (D:15)
  12 ogres
  14 black bears
  A hornet zombie (D:15)
  22 wolves
  20 centaurs
  2 phantoms
  8 boggarts
  13 crocodiles
  8 big kobolds
  23 bullfrogs
  An elf simulacrum (Vaults:1)
  An earth elemental (Elf:2)
  3 wyvern skeletons
  4 scorpions
  21 killer bees
  19 wights
  3 howler monkeys (D:9)
  4 electric eels
  5 crimson imps
  9 hounds
  9 jellies
  17 orc priests
  2 bullfrog skeletons
  4 iron imps (Gauntlet)
  4 iguanas
  36 orc wizards
  6 worker ants
  A hound zombie (D:8)
  A hound skeleton (D:6)
  2 howler monkey skeletons (D:8)
  A worker ant zombie (D:5)
  7 gnolls
  8 adders
  2 shadow imps (D:15)
  7 oozes
  An adder zombie (Ossuary)
  4 adder skeletons
  A worm (D:6)
  3 dart slugs
  4 leopard geckos
  130 orcs
  11 giant cockroaches
  4 goblins
  12 hobgoblins
  13 jackals
  16 kobolds
  6 quokkas
  3 ball pythons
  A ball python skeleton (Ossuary)
  4 bats
  4 frilled lizards
  A hobgoblin skeleton (Ossuary)
  2 hobgoblin zombies (Ossuary)
  A jackal zombie (D:5)
  2 orc skeletons (Ossuary)
  An orc zombie (Ossuary)
  14 rats
  2 plants
1379 creatures vanquished.

Vanquished Creatures (others)
  A dancing weapon (Elf:2)
  2 deep elf knights (Elf:2)
  A deep elf mage (Elf:2)
  A rat (D:2)
  14 demonic plants (Gauntlet)
  29 fungi
  48 plants
  14 tentacles (Shoals:2)
  5 toadstools (D:5)
  2 withered plants (Gauntlet)
117 creatures vanquished.

Grand Total: 1496 creatures vanquished

Notes
Turn   | Place    | Note
-------+----------+-------------------------------------------
     0 | D:1      | Bombadil the Tengu Fire Elementalist began the quest for
                  | the Orb.
     0 | D:1      | Reached XP level 1. HP: 10/10 MP: 4/4
   284 | D:1      | Reached XP level 2. HP: 6/15 MP: 0/6
   896 | D:1      | Reached XP level 3. HP: 19/19 MP: 4/7
  1276 | D:2      | Learned a level 3 spell: Conjure Flame
  1283 | D:2      | Reached skill level 2 in Conjurations
  1424 | D:2      | Found a white marble altar of Elyvilon.
  1434 | D:2      | Became a worshipper of Elyvilon the Healer
  1444 | D:2      | Found a faded altar of an unknown god.
  1841 | D:2      | Reached XP level 4. HP: 24/24 MP: 6/9
  1846 | D:2      | Learned a level 3 spell: Inner Flame
  2043 | D:2      | Reached skill level 3 in Conjurations
  2210 | D:3      | Noticed Sigmund
  2268 | D:3      | Gained mutation: You can fly continuously. [Tengu growth]
  2268 | D:3      | Reached XP level 5. HP: 27/28 MP: 0/10
  2454 | D:3      | Noticed a water elemental
  2456 | D:3      | Found a stormy altar of Qazlal.
  2458 | D:3      | Noticed a fire elemental
  2460 | D:3      | Noticed an air elemental
  2619 | D:3      | Reached skill level 4 in Conjurations
  2644 | D:3      | Reached * piety under Elyvilon
  2797 | D:3      | Gained mutation: You evolve. [potion of mutation]
  2819 | D:3      | Killed Sigmund
  2819 | D:3      | Reached skill level 5 in Conjurations
  2819 | D:3      | Reached XP level 6. HP: 21/33 MP: 10/12
  2830 | D:3      | Learned a level 4 spell: Sticky Flame
  3338 | D:4      | Found a shadowy altar of Dithmenos.
  3371 | D:4      | Reached XP level 7. HP: 18/37 MP: 7/13
  3493 | D:4      | Gained mutation: You are covered in fur. (AC +1)
                  | [evolution]
  3639 | D:4      | Reached skill level 6 in Conjurations
  3663 | D:4      | Reached skill level 5 in Fire Magic
  3993 | D:4      | Reached skill level 1 in Fighting
  4007 | D:4      | Reached ** piety under Elyvilon
  4282 | D:5      | Entered Level 5 of the Dungeon
  4350 | D:5      | Found an iron altar of Okawaru.
  4430 | D:5      | Reached XP level 8. HP: 43/43 MP: 13/15
  4437 | D:5      | Learned a level 5 spell: Fireball
  4467 | D:5      | Reached skill level 7 in Conjurations
  4478 | D:5      | Found Nosaig's Magic Scroll Boutique.
  4485 | D:5      | Bought a scroll of identify for 20 gold pieces
  4485 | D:5      | Bought a scroll of fog for 20 gold pieces
  4485 | D:5      | Bought a scroll of teleportation for 30 gold pieces
  4995 | D:5      | Found Jale's Book Emporium.
  5075 | D:5      | Found a staircase to the Ecumenical Temple.
  5077 | D:5      | Reached *** piety under Elyvilon
  5083 | Temple   | Entered the Ecumenical Temple
  5233 | Temple   | Fell from the grace of Elyvilon
  5233 | Temple   | Became a worshipper of Vehumet
  5276 | D:5      | Reached skill level 8 in Conjurations
  5313 | D:5      | Found Fiacir's Antique Armour Shoppe.
  5408 | D:5      | Reached skill level 5 in Spellcasting
  5762 | D:5      | Noticed a slime creature
  5772 | D:5      | Killed a slime creature
  5772 | D:5      | Reached skill level 1 in Short Blades
  5790 | D:5      | Noticed a slime creature
  5790 | D:5      | Noticed a slime creature
  5943 | D:5      | Killed a slime creature
  5943 | D:5      | Reached skill level 9 in Conjurations
  5943 | D:5      | Reached XP level 9. HP: 16/47 MP: 10/18
  6206 | D:6      | Noticed Grinder
  6209 | D:6      | Paralysed by Grinder for 3 turns
  6223 | D:6      | Killed Grinder
  6462 | D:6      | Reached * piety under Vehumet
  6462 | D:6      | Offered knowledge of Sandblast by Vehumet.
  7118 | D:7      | Found a bloodstained altar of Trog.
  7353 | D:7      | Lost mutation: You evolve. [end of evolution]
  7439 | D:7      | Found Gyuch's Antique Weapon Shop.
  7478 | D:7      | Found a sand-covered staircase.
  7486 | Ossuary  | Entered an ossuary
  7527 | Ossuary  | Reached skill level 10 in Conjurations
  7592 | Ossuary  | Offered knowledge of Sting by Vehumet.
  7598 | Ossuary  | Reached ** piety under Vehumet
  8710 | D:8      | Reached XP level 10. HP: 50/53 MP: 13/20
  8744 | D:8      | Found a flagged portal.
  8759 | Bailey   | Entered a bailey
  9069 | Bailey   | Offered knowledge of Stone Arrow by Vehumet.
  9246 | Bailey   | Identified a scroll of acquirement
  9251 | Bailey   | Noticed an orc knight
  9289 | Bailey   | Killed an orc knight
  9289 | Bailey   | Reached skill level 11 in Conjurations
  9432 | Bailey   | Reached *** piety under Vehumet
  9630 | Bailey   | Noticed an orc knight
  9655 | Bailey   | Killed an orc knight
  9768 | Bailey   | Noticed an orc knight
  9787 | Bailey   | Killed an orc knight
  9787 | Bailey   | Reached skill level 12 in Conjurations
 10061 | Bailey   | Noticed an orc knight
 10085 | Bailey   | Killed an orc knight
 10316 | D:8      | Offered knowledge of Olgreb's Toxic Radiance by Vehumet.
 10322 | D:8      | Learned a level 4 spell: Olgreb's Toxic Radiance
 11085 | D:9      | Reached XP level 11. HP: 58/58 MP: 15/23
 11085 | D:9      | Reached skill level 1 in Hexes
 11085 | D:9      | Reached **** piety under Vehumet
 11230 | D:9      | Noticed a two-headed hydra
 11243 | D:9      | Killed a two-headed hydra
 11243 | D:9      | Reached skill level 13 in Conjurations
 11346 | D:9      | Offered knowledge of Static Discharge by Vehumet.
 12373 | D:9      | Learned a level 2 spell: Blink
 12583 | D:9      | Found a staircase to the Lair.
 12622 | D:9      | Noticed a red ugly thing
 12749 | D:9      | Killed a red ugly thing
 13028 | D:9      | Found a stormy altar of Qazlal.
 13104 | D:10     | Entered Level 10 of the Dungeon
 13117 | D:10     | Reached skill level 1 in Poison Magic
 13423 | D:10     | Reached ***** piety under Vehumet
 13540 | D:10     | Noticed a two-headed ogre
 13560 | D:10     | Killed a two-headed ogre
 13560 | D:10     | Reached skill level 5 in Stealth
 13739 | D:10     | Offered knowledge of Freezing Cloud by Vehumet.
 14291 | D:11     | Noticed a two-headed ogre
 14474 | D:11     | Killed a two-headed ogre
 14563 | D:11     | Noticed a cyan ugly thing
 14564 | D:11     | Reached XP level 12. HP: 54/64 MP: 14/26
 14575 | D:11     | Reached skill level 14 in Conjurations
 15196 | D:11     | Learned a level 6 spell: Freezing Cloud
 15657 | D:11     | Reached skill level 5 in Dodging
 16184 | Lair:1   | Entered Level 1 of the Lair of Beasts
 16496 | Lair:1   | Noticed Nergalle
 16513 | Lair:1   | Killed Nergalle
 16739 | Lair:1   | Offered knowledge of Bolt of Cold by Vehumet.
 16949 | Lair:1   | Reached skill level 10 in Fire Magic
 17736 | Lair:1   | Noticed a five-headed hydra
 17737 | Lair:1   | Noticed a four-headed hydra
 17877 | Lair:1   | Killed a four-headed hydra
 18142 | Lair:1   | Killed a five-headed hydra
 18497 | Lair:2   | Noticed Sonja
 18501 | Lair:2   | Killed Sonja
 18501 | Lair:2   | Reached skill level 15 in Conjurations
 18501 | Lair:2   | Reached skill level 1 in Air Magic
 18618 | Lair:2   | Reached skill level 10 in Spellcasting
 18701 | Lair:2   | Found a frozen archway.
 18747 | IceCv    | Entered an ice cave
 18766 | IceCv    | Reached XP level 13. HP: 69/70 MP: 21/28
 18768 | IceCv    | Reached skill level 1 in Ice Magic
 19250 | IceCv    | Noticed an ice dragon
 19250 | IceCv    | Noticed an ice dragon
 19521 | IceCv    | Killed an ice dragon
 19826 | IceCv    | Killed an ice dragon
 21079 | Lair:3   | Reached skill level 1 in Armour
 21101 | Lair:3   | Offered knowledge of Conjure Ball Lightning by Vehumet.
 21541 | Lair:3   | You are sucked into a shaft for 3 floors!
 21541 | Lair:6   | Entered Level 6 of the Lair of Beasts
 21549 | Lair:6   | Reached skill level 16 in Conjurations
 22030 | Lair:4   | Found a gate leading to a gauntlet.
 22048 | Gauntlet | Entered a Gauntlet
 22048 | Gauntlet | Found a transporter.
 22062 | Gauntlet | Found a transporter.
 22064 | Gauntlet | Found a transporter.
 22075 | Gauntlet | Noticed a death ooze
 22076 | Gauntlet | Found a transporter.
 22091 | Gauntlet | Found a transporter.
 22096 | Gauntlet | Found a transporter.
 22115 | Gauntlet | Found a transporter.
 22133 | Gauntlet | Found a transporter.
 22145 | Gauntlet | Found a transporter.
 22145 | Gauntlet | Noticed a green death
 22157 | Gauntlet | Found a transporter.
 22163 | Gauntlet | Found a transporter.
 22178 | Gauntlet | Found a transporter.
 22184 | Gauntlet | Found a transporter.
 22195 | Gauntlet | Found a large runed translucent door.
 22196 | Gauntlet | Found a large runed translucent door.
 22197 | Gauntlet | Found a large runed translucent door.
 22197 | Gauntlet | Found a large runed translucent door.
 22198 | Gauntlet | Found a runed translucent gate.
 22199 | Gauntlet | Found a transporter.
 22199 | Gauntlet | Found a runed translucent gate.
 22200 | Gauntlet | Found a runed translucent gate.
 22201 | Gauntlet | Found a large runed translucent door.
 22201 | Gauntlet | Found a large runed translucent door.
 22202 | Gauntlet | Found a large runed translucent door.
 22203 | Gauntlet | Found a large runed translucent door.
 22212 | Gauntlet | Found a large runed translucent door.
 22212 | Gauntlet | Found a large runed translucent door.
 22212 | Gauntlet | Found a runed translucent door.
 22212 | Gauntlet | Found a runed translucent door.
 22213 | Gauntlet | Found a large runed translucent door.
 22214 | Gauntlet | Found a large runed translucent door.
 22216 | Gauntlet | Found a transporter.
 22224 | Gauntlet | Found a large runed translucent door.
 22224 | Gauntlet | Found a large runed translucent door.
 22225 | Gauntlet | Found a large runed translucent door.
 22226 | Gauntlet | Found a large runed translucent door.
 22236 | Gauntlet | Found a transporter.
 22263 | Gauntlet | Found a transporter.
 22490 | Gauntlet | Noticed a death ooze
 22490 | Gauntlet | Found a transporter.
 22501 | Gauntlet | Killed a death ooze
 22799 | Gauntlet | Identified the Tome of Air and the Rocks
 23144 | Gauntlet | Learned a level 3 spell: Mephitic Cloud
 23148 | Gauntlet | Identified the +8 plate armour of the Voivode {MR+ Regen+}
 23148 | Gauntlet | Noticed a minotaur
 23166 | Gauntlet | Killed a minotaur
 23166 | Gauntlet | Reached skill level 1 in Evocations
 23464 | Lair:4   | Noticed Josephine
 23689 | Lair:3   | Found a staircase to the Shoals.
 23841 | Lair:3   | Found a hole to the Spider Nest.
 23953 | Lair:3   | Got an ichor-stained buckler
 23967 | Lair:3   | Identified the +0 buckler of Deupsoh {rElec rF+ Str+4} (You
                  | acquired it on level 3 of the Lair of Beasts)
 24281 | Lair:3   | You are sucked into a shaft for 3 floors!
 24311 | Lair:6   | Reached XP level 14. HP: 28/76 MP: 6/30
 24664 | Lair:6   | Reached skill level 5 in Poison Magic
 25126 | Lair:6   | Offered knowledge of Irradiate by Vehumet.
 25130 | Lair:6   | Reached skill level 5 in Armour
 25932 | Lair:6   | Learned a level 3 spell: Ignite Poison
 25945 | Lair:6   | Reached skill level 1 in Shields
 27007 | Lair:5   | Found a staircase to the Slime Pits.
 27007 | Lair:5   | Found a viscous altar of Jiyva.
 27466 | Lair:5   | Reached skill level 17 in Conjurations
 27474 | Lair:5   | Noticed Kirke
 27483 | Lair:5   | Killed Kirke
 27823 | Lair:4   | Killed Josephine
 28721 | Lair:3   | Offered knowledge of Poison Arrow by Vehumet.
 28733 | Lair:3   | Learned a level 6 spell: Poison Arrow
 28746 | Lair:3   | Reached XP level 15. HP: 80/80 MP: 18/32
 30761 | Lair:6   | Offered knowledge of Orb of Destruction by Vehumet.
 31532 | D:12     | Reached ****** piety under Vehumet
 31626 | D:12     | Found a staircase to the Orcish Mines.
 31762 | D:12     | Got a smoking leather armour
 31773 | D:12     | Identified the +1 leather armour of Giexeom {rCorr SInv}
                  | (You found it on level 12 of the Dungeon)
 31854 | D:12     | Found a burning altar of Makhleb.
 31854 | D:12     | Noticed a cacodemon
 32075 | D:12     | Found a runed translucent gate.
 32075 | D:12     | Found a runed translucent gate.
 32075 | D:12     | Found a runed translucent gate.
 32076 | D:12     | Noticed DenSaoPin's ghost (journeyman DsSk)
 32117 | D:12     | Learned a level 7 spell: Orb of Destruction
 34014 | D:14     | Found a glowing golden altar of the Shining One.
 34370 | D:14     | Offered knowledge of Ozocubu's Refrigeration by Vehumet.
 34948 | D:14     | Found a gate to the Vaults.
 35178 | Orc:1    | Entered Level 1 of the Orcish Mines
 35733 | Orc:1    | Reached XP level 16. HP: 86/86 MP: 29/34
 35910 | Orc:1    | Found a transporter.
 35917 | Orc:1    | Noticed Shtrein's ghost (journeyman FoFi)
 35968 | Orc:1    | Found a transporter.
 35999 | Orc:1    | Reached skill level 1 in Transmutations
 36469 | Orc:2    | Entered Level 2 of the Orcish Mines
 36696 | Orc:2    | Found Xeluygum's General Store.
 36739 | Orc:2    | Bought 2 potions of invisibility for 176 gold pieces
 36739 | Orc:2    | Bought a scroll of teleportation for 33 gold pieces
 36767 | Orc:2    | Found Mulokat's Antique Armour Shop.
 36829 | Orc:2    | Reached skill level 18 in Conjurations
 36909 | Orc:2    | Found a staircase to the Elven Halls.
 36924 | Orc:2    | Found Ozixe's Jewellery Shop.
 37190 | Orc:2    | Found Ufouc's Antique Weapon Emporium.
 37289 | Orc:2    | Found a runed translucent gate.
 37289 | Orc:2    | Found a runed translucent gate.
 37290 | Orc:2    | Found a runed translucent gate.
 37295 | Orc:2    | Noticed SnubMonkey's ghost (journeyman TrTm)
 37505 | D:15     | Entered Level 15 of the Dungeon
 38002 | D:15     | Found a blossoming altar of Fedhas.
 38617 | D:15     | Reached skill level 1 in Staves
 38880 | D:15     | Reached skill level 5 in Fighting
 38999 | D:15     | Noticed a storm dragon
 39007 | D:15     | Killed a storm dragon
 39072 | D:15     | Found a staircase to the Depths.
 39341 | D:15     | Offered knowledge of Fire Storm by Vehumet.
 39341 | D:15     | Offered knowledge of Glaciate by Vehumet.
 39341 | D:15     | Offered knowledge of Chain Lightning by Vehumet.
 39879 | Spider:1 | Entered Level 1 of the Spider Nest
 40143 | Spider:1 | Reached XP level 17. HP: 49/92 MP: 25/36
 40805 | Spider:2 | Reached skill level 15 in Spellcasting
 43140 | Spider:3 | Found a runed translucent gate.
 43141 | Spider:3 | Found a runed translucent gate.
 43142 | Spider:3 | Found a runed translucent gate.
 43148 | Spider:3 | Noticed KrissDaBro's ghost (adept MiBe)
 43155 | Spider:3 | Lost mutation: You are covered in fur. (AC +1) [potion of
                  | mutation]
 43155 | Spider:3 | Gained mutation: Your body sometimes deteriorates upon
                  | taking damage. [potion of mutation]
 43155 | Spider:3 | Gained mutation: You have a pair of small horns on your
                  | head. [potion of mutation]
 43155 | Spider:3 | Gained mutation: You passively map a small area around you.
                  | [potion of mutation]
 43155 | Spider:3 | Gained mutation: You have a pair of horns on your head.
                  | [potion of mutation]
 43156 | Spider:3 | Lost mutation: Your body sometimes deteriorates upon taking
                  | damage. [potion of mutation]
 43156 | Spider:3 | Lost mutation: You have a pair of horns on your head.
                  | [potion of mutation]
 43156 | Spider:3 | Lost mutation: You have a pair of small horns on your head.
                  | [potion of mutation]
 43156 | Spider:3 | Gained mutation: You passively map the area around you.
                  | [potion of mutation]
 43157 | Spider:3 | Lost mutation: You passively map the area around you.
                  | [potion of mutation]
 43157 | Spider:3 | Lost mutation: You passively map a small area around you.
                  | [potion of mutation]
 43157 | Spider:3 | Gained mutation: You are partially covered in thin metallic
                  | scales. (AC +2) [potion of mutation]
 43157 | Spider:3 | Gained mutation: Scrolls take you a little longer to read.
                  | [potion of mutation]
 43157 | Spider:3 | Gained mutation: You are partially covered in slimy green
                  | scales. (AC +2) [potion of mutation]
 43158 | Spider:3 | Lost mutation: Scrolls take you a little longer to read.
                  | [potion of mutation]
 43158 | Spider:3 | Lost mutation: You are partially covered in slimy green
                  | scales. (AC +2) [potion of mutation]
 43158 | Spider:3 | Gained mutation: You are resistant to electric shocks.
                  | (rElec) [potion of mutation]
 43158 | Spider:3 | Gained mutation: You have a pair of small horns on your
                  | head. [potion of mutation]
 43158 | Spider:3 | Gained mutation: Your muscles are strong. (Str +2) [potion
                  | of mutation]
 43772 | Spider:4 | Entered Level 4 of the Spider Nest
 44353 | Orc:2    | Bought an uncursed ring of magical power for 280 gold
                  | pieces
 45136 | Spider:4 | Noticed Mara
 45202 | Spider:4 | Noticed Bombadil's illusion
 45562 | Spider:4 | Identified the ring "Ivvedd" {+Fly EV+3 Str+10 Int-2 Dex+5}
                  | (You found it on level 4 of the Spider Nest)
 45966 | Spider:4 | Noticed Bombadil's illusion
 45968 | Spider:4 | Killed Mara
 46248 | Spider:4 | Reached XP level 18. HP: 96/96 MP: 23/38
 47011 | Lair:3   | Learned a level 8 spell: Ignition
 47066 | Shoals:1 | Entered Level 1 of the Shoals
 47652 | Shoals:1 | Reached skill level 15 in Fire Magic
 48053 | Shoals:1 | Reached skill level 1 in Translocations
 48757 | Shoals:2 | Noticed Roxanne
 48935 | Shoals:2 | Killed Roxanne
 48971 | Shoals:2 | Reached skill level 19 in Conjurations
 49388 | Shoals:2 | Reached skill level 10 in Poison Magic
 49410 | Shoals:2 | Noticed Donald
 49445 | Shoals:2 | Killed Donald
 50004 | Shoals:2 | Found a radiant altar of Vehumet.
 51769 | Elf:1    | Entered Level 1 of the Elven Halls
 51886 | Elf:1    | Reached XP level 19. HP: 101/101 MP: 36/40
 51979 | Elf:1    | You are sucked into a shaft!
 52348 | Elf:1    | Found Wyn Wuumia's Antique Weapon Emporium.
 52497 | Elf:1    | Found Vewex's Food Boutique.
 52538 | Elf:1    | Found Timaucw's Book Shop.
 53618 | Elf:2    | Identified the +1 large shield "Hofraff" {Slay+3}
 53618 | Elf:2    | Noticed Louise
 53797 | Elf:2    | Found a runed translucent gate.
 53798 | Elf:2    | Found a runed translucent gate.
 53798 | Elf:2    | Found a runed translucent gate.
 54162 | Elf:2    | Killed Louise
 55368 | Spider:4 | Got a gossamer rune of Zot
 55880 | Depths:1 | Entered Level 1 of the Depths
 55999 | Vaults:1 | Entered Level 1 of the Vaults
 56008 | Vaults:1 | HP: 4/101 [vault warden/bolt (14)]
 56323 | Vaults:1 | Learned a level 9 spell: Fire Storm
 56519 | Vaults:1 | HP: 5/101 [frost giant/bolt of cold (26)]
 56529 | Vaults:1 | Gained mutation: You evolve. [mutagenic glow]
 56599 | Vaults:1 | Found Xiasux's Weapon Emporium.
 57079 | Vaults:1 | Reached XP level 20. HP: 105/106 MP: 23/42
 57481 | Vaults:1 | Found the +8 glaive of the Guard {elec, +Rage AC+5 SInv}
 57632 | Vaults:1 | Gained mutation: Your flesh is heat resistant. (rF+)
                  | [evolution]
 58299 | Elf:3    | Entered Level 3 of the Elven Halls
 58347 | Elf:3    | Noticed Bai Suzhen
 58465 | Elf:3    | HP: 4/159 [deep elf annihilator/poison arrow (22)]
 58466 | Elf:3    | Killed from afar by a deep elf annihilator

Skill      XL: |  1  2  3  4  5  6  7  8  9 10 11 12 13 14 15 16 17 18 19 20 |
---------------+-------------------------------------------------------------+-----
Fire Magic     | 4 5 6 7 8 9 10 11 12 13 14 15 17 | 17.4
Conjurations   | 2 3 5 6 9 10 12 13 15 16 17 18 19 | 19.5
Spellcasting   | 3 4 5 6 7 9 10 11 12 13 14 15 16 17 | 17.5
Fighting       | 1 2 3 4 5 |  5.4
Dodging        | 3 4 6 7 8 |  8.0
Stealth        | 3 4 5 |  5.4
Short Blades   | 1 3 4 |  4.9
Hexes          | 1 |  1.7
Poison Magic   | 2 3 4 5 6 7 9 10 11 | 11.1
Air Magic      | 1 3 4 |  4.2
Ice Magic      | 1 2 |  2.2
Armour         | 4 5 6 7 8 9 |  9.4
Evocations     | 1 2 |  2.7
Shields        | 1 2 3 |  3.9
Transmutations | 1 3 4 |  4.6
Staves         | 2 3 |  3.4
Translocations | 1 |  1.5

Action                   |  1- 3 |  4- 6 |  7- 9 | 10-12 | 13-15 | 16-18 | 19-21 || total
-------------------------+-------+-------+-------+-------+-------+-------+-------++-------
Melee: Unarmed           |     1 |     6 |       |       |       |       |       ||     7
       Dagger            |       |    12 |   106 |   169 |    86 |       |       ||   373
       Kick              |       |     1 |    28 |    36 |    68 |   110 |     5 ||   248
       Peck              |       |       |    16 |    27 |    31 |    64 |     6 ||   144
       Staff             |       |       |       |       |   143 |   272 |    12 ||   427
       Headbutt          |       |       |       |       |       |    26 |     6 ||    32
 Cast: Flame Tongue      |    74 |    98 |   136 |   247 |   291 |    35 |       ||   881
       Conjure Flame     |       |     2 |    25 |    20 |    33 |    32 |     2 ||   114
       Sticky Flame      |       |       |    18 |    53 |   162 |    55 |    17 ||   305
       Inner Flame       |       |       |     5 |    10 |     3 |       |       ||    18
       Fireball          |       |       |     1 |    18 |    50 |     6 |     3 ||    78
       Olgreb's Toxic Ra |       |       |       |    25 |    42 |    76 |    16 ||   159
       Blink             |       |       |       |     4 |     7 |    12 |     6 ||    29
       Freezing Cloud    |       |       |       |     3 |    25 |    29 |     2 ||    59
       Mephitic Cloud    |       |       |       |       |     1 |       |       ||     1
       Ignite Poison     |       |       |       |       |    25 |   170 |    52 ||   247
       Poison Arrow      |       |       |       |       |    80 |   182 |    58 ||   320
       Orb of Destructio |       |       |       |       |     7 |    21 |    19 ||    47
       Ignition          |       |       |       |       |       |    21 |    43 ||    64
 Abil: Fly               |       |     1 |       |       |       |       |       ||     1
Evoke: Wand              |       |     4 |     2 |     2 |    11 |    27 |     4 ||    50
       Box of beasts     |       |       |       |       |       |     2 |       ||     2
  Use: Potion            |       |     7 |     2 |     5 |    18 |    10 |     6 ||    48
       Scroll            |       |       |    12 |     4 |    26 |    10 |     6 ||    58
 Stab: Sleeping          |       |       |     5 |    11 |       |       |       ||    16
       Confused          |       |       |       |       |     1 |       |       ||     1
  Eat: Chunk             |     4 |     5 |    10 |    33 |    72 |    80 |    30 ||   234
       Ration            |       |       |     3 |     3 |     7 |    12 |     8 ||    33
Armor: Robe              |     2 |     5 |    15 |    18 |     3 |       |       ||    43
       Skin              |       |    15 |    13 |    37 |    25 |     2 |     6 ||    98
       Ice dragon scales |       |       |       |       |   198 |   242 |    35 ||   475
       Leather armour    |       |       |       |       |       |    13 |     3 ||    16
Dodge: Dodged            |    21 |    46 |   131 |   200 |   319 |   474 |    71 ||  1262
Block: Buckler           |       |       |       |       |    58 |   129 |    21 ||   208
